 Dungeon Crawl Stone Soup version 0.31-a0-986-g5e6e4ef867 (webtiles) character file.

Game seed: 8682754116473631635

933 horus123 the Conjurer (level 7, -15/36 HPs)
             Began as a Deep Elf Conjurer on Nov 20, 2023.
             Was an Initiate of Fedhas.
             Killed from afar by Maggie (23 damage)
             ... with a bolt of fire
             ... on level 5 of the Dungeon.
             The game lasted 00:09:22 (5030 turns).

horus123 the Conjurer (Deep Elf Conjurer)           Turns: 5030, Time: 00:09:23

Health: -15/36     AC:  8    Str:  4    XL:     7   Next: 86%
Magic:  9/18       EV: 12    Int: 25    God:    Fedhas [......]
Gold:   156        SH:  0    Dex: 13    Spells: 8/18 levels left

rFire   . . .        b - +0 falchion
rCold   . . .        (no shield)
rNeg    . . .        a - +0 robe
rPois   .            (no helmet)
rElec   .            (no cloak)
rCorr   .            y - +0 pair of gloves
SInv    .            g - +0 pair of boots
Will    .....        (no amulet)
Stlth   ++           k - +4 ring of protection
HPRegen 0.26/turn    (no ring)
MPRegen 0.16/turn

%: no passive effects
@: no status effects
A: no striking features
a: Renounce Religion


You were on level 5 of the Dungeon.
You worshipped Fedhas.
Fedhas was noncommittal.
You visited 1 branch of the dungeon, and saw 6 of its levels.

You collected 256 gold pieces.
You spent 100 gold pieces at shops.

Inventory:

Hand Weapons
 b - a +0 falchion (weapon)
 x - a +0 quarterstaff of draining
Armour
 a - a +0 robe (worn)
 g - a +0 pair of boots (worn)
 y - a +0 pair of gloves (worn)
Jewellery
 k - a +4 ring of protection (left hand)
Wands
 r - a wand of roots (9)
Scrolls
 c - a scroll of vulnerability
 h - 4 scrolls of poison
 j - 2 scrolls of revelation
 l - a scroll of silence
 m - 3 scrolls of noise
 n - 2 scrolls of fog
 o - a scroll of teleportation {unknown}
 s - 3 scrolls of immolation {unknown}
 u - a scroll of identify
 w - 2 scrolls of blinking {unknown}
Potions
 d - 2 potions of invisibility {unknown}
 e - a potion of mutation {unknown}
 f - a potion of lignification {unknown}
 i - a potion of heal wounds {unknown}
 p - a potion of brilliance {unknown}
 q - a potion of attraction {unknown}
 t - a potion of degeneration {unknown}
 v - a potion of enlightenment {unknown}


   Skills:
 - Level 2.4 Dodging
 - Level 2.4 Stealth
 - Level 6.0 Spellcasting
 * Level 7.7 Conjurations
 - Level 7.2 Hexes


You had 8 spell levels left.
You knew the following spells:

 Your Spells              Type           Power      Damage    Failure   Level
a - Magic Dart            Conj           100%       1d8       1%          1
b - Searing Ray           Conj           92%        2d7       1%          2
c - Dazzling Flash        Conj/Hex       90%        N/A       1%          3
d - Fulminant Prism       Conj/Hex       22%        3d12      3%          4

Your spell library contained the following spells:

 Spells                   Type           Power      Damage    Failure   Level
 Foxfire                  Conj/Fire      100%       2x1d9     1%          1
 Iskenderun's Mystic Bla  Conj/Tloc      26%        2d7       16%         4
 Olgreb's Toxic Radiance  Pois           7%         N/A       58%         4
 Starburst                Conj/Fire      13%        6d5       93%         6
 Plasma Beam              Fire/Air       3%         2x1d13    100%        6
 Discord                  Hex            21%        N/A       100%        8
 Ignition                 Fire           3%         3d4       100%        8


Dungeon Overview and Level Annotations

Branches:
Dungeon (6/15)
 Temple: D:4-7

Altars:
Fedhas
Gozag
Ru
Sif Muna

Shops:
D:5 *

Annotations:
D:5 Maggie


Message History

Maggie burns you.
Your fulminant prism crackles loudly.
You climb upwards.
There is a stone staircase leading down here.
Casting: Fulminant Prism (quite dangerous; 3% risk of failure)
Confirm with . or Enter, or press ? or * to list all spells.
Aiming: Searing Ray (safe; 1% risk of failure)
Press: ? - help, Shift-Dir - straight line, f - adder
Aim: an adder (blind, 70% to hit)
The searing ray hits the adder!
You kill the adder!
Fedhas appreciates your contribution to the ecosystem. (Press . to maintain the ray.) Maggie casts a spell.
There is a stone staircase leading down here.
Maggie is no longer blind.
Maggie hits you with a +0 scimitar of flaming.
* * * LOW HITPOINT WARNING * * *
Maggie burns you.
* * * LOW HITPOINT WARNING * * *
You see here an adder corpse.
Maggie attacks as she pursues you!
Maggie hits you with a +0 scimitar of flaming.
* * * LOW HITPOINT WARNING * * *
Maggie burns you.
* * * LOW HITPOINT WARNING * * *
Maggie casts a spell.
Maggie attempts to bespell you!
You are mesmerised by Maggie!
You break out of your daze!
Maggie gestures wildly while chanting.
Maggie attempts to bespell you! You resist. Maggie casts a spell at you.
The bolt of fire misses you.
You see here a +0 quarterstaff.
Maggie gestures at you while chanting. The bolt of fire hits you!!
Ouch! That really hurt!
You die...
Fedhas appreciates your contribution to the ecosystem.

))..≈≈∩≈≈..............#
##.#≈≈[≈≈####..........#
.....~.~...............##
..............#.........##
.#.......)###............#
.#........# ###..###.#.###
..........# #...# #.#.##
#.........# #...###.#..###
...###.#.## #>.@.........#
.#.##....#####†##.........#
.#.##.##.......###....@...#
.#..........#.............#
##.......#....###.#######.#####
##.......#...## #...#####)[...#
##.......##.#######@..........#
.......[..........########....#
##................# #....#


You could see Maggie.

Vanquished Creatures
  An ogre (D:5)
  A phantom (D:5)
  3 scorpions
  2 hounds (D:5)
  2 jellies
  5 iguanas (D:5)
  5 orc wizards
  11 adders
  6 worms
  5 dart slugs
  20 orcs
  8 endoplasms
  2 giant cockroaches
  2 goblins (D:2)
  7 hobgoblins
  4 jackals (D:3)
  3 quokkas
  9 ball pythons
  8 bats
  3 frilled lizards (D:1)
  A kobold (D:4)
  A rat (D:1)
109 creatures vanquished.

Notes
Turn   | Place    | Note
-------+----------+-------------------------------------------
     0 | D:1      | horus123 the Deep Elf Conjurer began the quest for the Orb.
     0 | D:1      | Reached XP level 1. HP: 10/10 MP: 6/6
   163 | D:1      | Reached XP level 2. HP: 15/15 MP: 2/9
   276 | D:1      | Learned a level 2 spell: Searing Ray
   484 | D:1      | Found a faded altar of an unknown god.
   732 | D:1      | You fall into a shaft and drop 1 floor!
   797 | D:2      | Reached XP level 3. HP: 19/19 MP: 9/11
   799 | D:2      | Reached skill level 5 in Spellcasting
  1554 | D:2      | Reached XP level 4. HP: 24/24 MP: 11/14
  1559 | D:2      | Learned a level 3 spell: Dazzling Flash
  1564 | D:2      | Learned a level 4 spell: Fulminant Prism
  1746 | D:2      | Identified the +1 ring mail of Levity {Slay+3}
  2041 | D:3      | Reached skill level 5 in Conjurations
  2098 | D:3      | Reached XP level 5. HP: 28/28 MP: 5/15
  2734 | D:4      | Found an opulent altar of Gozag.
  3348 | D:4      | Found a shimmering blue altar of Sif Muna.
  3349 | D:4      | Found a blossoming altar of Fedhas.
  3349 | D:4      | Found a sacrificial altar of Ru.
  3354 | D:4      | Reached XP level 6. HP: 32/32 MP: 12/17
  3374 | D:4      | Became a worshipper of Fedhas Madash
  3847 | D:5      | Entered Level 5 of the Dungeon
  3851 | D:5      | Reached skill level 5 in Hexes
  3934 | D:5      | Found Ilyushe's Assorted Antiques.
  3945 | D:5      | Bought a scroll of identify for 50 gold pieces
  3945 | D:5      | Bought a scroll of identify for 50 gold pieces
  4048 | D:5      | Identified the +0 dagger of the Modern Bounties {heavy,
                  | rPois Will++ Str-4 SInv}
  4110 | D:5      | Reached XP level 7. HP: 36/36 MP: 8/18
  4996 | D:6      | Noticed Maggie
  5030 | D:5      | Killed from afar by Maggie

Illustrated notes

Levels and vault maps discovered:
D:1:      matt_arrival_refuge, layout_basic, basic_ecumenical_altar
D:2:      layout_loops_ring
D:3:      layout_rooms
D:4:      layout_basic, lemuel_crystal_altar, grunt_temple_overflow_open,
          serial_curves, eino_curves_04, eino_curves_01, eino_curves_01,
          eino_curves_04
D:5:      layout_rooms, serial_shops, nicolae_shop_waterfront,
          hangedman_decor_clover_reticule
D:6:      minmay_klotski, layout_loops_ring, zin_statuary,
          minmay_temple_entry_offerings, minmay_holes, uniq_maggie

Skill      XL: |  1  2  3  4  5  6  7 |
---------------+----------------------+-----
Spellcasting   | 4 6 |  6.0
Conjurations   | 5 6 7 |  7.7
Hexes          | 4 6 7 |  7.2
Dodging        | |  2.4
Stealth        | |  2.4

Action                     |  1- 3 |  4- 6 |  7- 9 || total
---------------------------+-------+-------+-------++-------
  Melee: Falchion          |       |     4 |       ||     4
         Punch             |       |     1 |       ||     1
   Cast: Magic Dart        |    85 |   126 |    26 ||   237
         Searing Ray       |     1 |    11 |     9 ||    21
         Dazzling Flash    |       |       |     2 ||     2
         Fulminant Prism   |       |       |     1 ||     1
    Use: Potion            |       |     1 |       ||     1
         Scroll            |       |     6 |       ||     6
 Armour: Robe              |     2 |    26 |    12 ||    40
  Dodge: Dodged            |     9 |    11 |    14 ||    34

Table legend: (Time is in decaauts)
 A = Elapsed time spent in this place.
 B = Non-inter-level travel time spent in this place.
 C = Inter-level travel time spent in this place.
 D = Time resting spent in this place.
 E = Time spent auto-exploring this place.
 F = Levels seen in this place.
 G = Mean time per level.
                   A        B        C        D        E       F      G
               +--------+--------+--------+--------+--------+-----+--------+
         Total |   5030 |   4949 |     81 |    437 |   3787 |   6 |  838.3 |
       Dungeon |   5030 |   4949 |     81 |    437 |   3787 |   6 |  838.3 |
               +--------+--------+--------+--------+--------+-----+--------+

Top non-repeatable levels by time:
     D:5: 1176 daAuts
     D:1: 1016 daAuts
     D:2: 977 daAuts
     D:4: 949 daAuts
     D:3: 904 daAuts
     D:6: 6 daAuts
